 Dungeon Crawl Stone Soup version 0.30.1-11-g7821555f0a (webtiles) character file.

Game seed: 6100556208400643169

66775 MacCMillion the Severer (level 15, -8/126 HPs)
             Began as a Ghoul Fighter on Dec 4, 2023.
             Was a Believer of Lugonu.
             Mangled by a bone dragon (9 damage)
             ... on level 1 of the Abyss.
             The game lasted 00:42:00 (22608 turns).

MacCMillion the Severer (Ghoul Fighter)            Turns: 22608, Time: 00:42:00

Health: -8/126     AC: 20    Str: 32    XL:     15   Next: 20%
Magic:  0/21       EV:  7    Int:  5    God:    Lugonu [**....]
Gold:   2157       SH: 33    Dex:  8    Spells: 14/14 levels left

rFire   . . .        D - +2 broad axe "Urisuob" {flame, rElec Str+4 Int+2}
rCold   + . .        a - +18 shield of the Gong {Loud rN+ Will+ rCorr EV-5}
rNeg    + + +        L - +0 plate armour
rPois   ∞            B - +2 helmet
rElec   +            (no cloak)
rCorr   +            K - +0 pair of gloves
SInv    .            k - +0 pair of boots
Will    +++..        G - amulet of reflection Stlth
                     E - ring of willpower
HPRegen 0.00/turn    i - +5 ring of evasion
MPRegen 0.17/turn

%: reflection
@: inhibited regen, studying Fire Magic
A: claws 1, cold resistance 1, negative energy resistance 3, inhibited
regeneration, torment resistance 2, devour on kill
a: Renounce Religion, Depart the Abyss, Banish


You were on level 1 of the Abyss.
You worshipped Lugonu.
Lugonu was pleased with you.
You visited 4 branches of the dungeon, and saw 20 of its levels.
You visited the Abyss 1 time.
You also visited: Sewer and Ice Cave.

You collected 2427 gold pieces.
You spent 270 gold pieces at shops.

Inventory:

Hand Weapons
 D - the +2 broad axe "Urisuob" (weapon) {flame, rElec Str+4 Int+2}
   (You acquired it on level 10 of the Dungeon)

   Str:       It affects your strength (+4).
   Int:       It affects your intelligence (+2).
   rElec:     It insulates you from electricity.
Missiles
 e - 39 poisoned darts
 v - a boomerang
 A - a curare-tipped dart
 C - a throwing net
Armour
 a - the +18 shield of the Gong (worn) {Loud rN+ Will+ rCorr EV-5}
   (You found it on level 4 of the Lair of Beasts)

   Loud:      It is deafeningly noisy when blocking attacks.
   EV:        It affects your evasion (-5).
   rN:        It protects you from negative energy.
   rCorr:     It protects you from acid and corrosion.
   Will:      It increases your willpower.
 k - a +0 pair of boots (worn)
 B - a +2 helmet (worn)
 K - a +0 pair of gloves (worn)
 L - a +0 plate armour (worn)
Jewellery
 h - a ring of willpower
 i - a +5 ring of evasion (right hand)
 E - a ring of willpower (left hand)
 G - an amulet of reflection (around neck)
 Q - a +4 ring of protection
 R - a ring of resist corrosion
 S - the ring "Nonimo" {rElec Dex+6 Stlth+}
   (You found it in an ice cave)

   [ring of dexterity]

   Dex:       It affects your dexterity (+6).
   rElec:     It insulates you from electricity.
   Stlth:     It makes you more stealthy.
 T - a ring of willpower
 U - a ring of protection from cold
 X - the ring "Qofoth" {Fly rElec MP+9 Stlth-}
   (You found it on level 2 of the Lair of Beasts)

   [ring of flight]

   rElec:     It insulates you from electricity.
   MP:        It affects your magic capacity (+9).
   Fly:       It grants you flight.
   Stlth:     It makes you less stealthy.
Wands
 o - a wand of iceblast (20)
 z - a wand of paralysis (26)
 H - a wand of mindburst (7)
 V - a wand of polymorph (6)
 Y - a wand of flame (11)
Scrolls
 f - 5 scrolls of noise
 j - 6 scrolls of enchant weapon
 l - a scroll of butterflies
 m - 2 scrolls of magic mapping
 p - a scroll of fear {unknown}
 t - 2 scrolls of silence {unknown}
 u - 3 scrolls of brand weapon
 w - 10 scrolls of teleportation
 x - 4 scrolls of vulnerability
 y - 3 scrolls of poison {unknown}
 F - 5 scrolls of immolation
 N - 9 scrolls of identify
 O - 3 scrolls of amnesia {unknown}
 W - 2 scrolls of blinking
 Z - 2 scrolls of fog {unknown}
Potions
 b - 4 potions of attraction
 c - a potion of berserk rage {unknown}
 d - 2 potions of might
 g - 8 potions of curing
 n - 3 potions of invisibility {unknown}
 q - 4 potions of ambrosia
 r - 6 potions of flight
 s - 3 potions of brilliance
 I - 3 potions of haste
 J - a potion of cancellation
 M - 3 potions of lignification {unknown}
 P - 2 potions of heal wounds


   Skills:
 - Level 10.0 Fighting
 + Level 16.6 Axes
 - Level 10.0 Armour
 + Level 11.0 Shields
 - Level 10.0 Invocations


You had 14 spell levels left.
You didn't know any spells.
Your spell library contained the following spells:

 Spells                   Type           Power      Damage    Failure   Level
 Magic Dart               Conj           0%         1d3       99%         1
 Shock                    Conj/Air       0%         1d3       99%         1
 Blink                    Tloc           0%         N/A       100%        2
 Cigotuvi's Dreadful Rot  Necr/Pois/Air  0%         N/A       100%        2
 Lesser Beckoning         Tloc           0%         N/A       100%        2
 Searing Ray              Conj           0%         2d4       100%        2
 Gell's Gravitas          Tloc           0%         N/A       100%        3
 Ignite Poison            Fire/Tmut/Pois 0%         N/A       100%        3
 Portal Projectile        Hex/Tloc       0%         N/A       100%        3
 Swiftness                Air            0%         N/A       100%        3
 Teleport Other           Tloc           0%         N/A       100%        3
 Tukima's Dance           Hex            0%         N/A       100%        3
 Vhi's Electric Charge    Tloc/Air       0%         N/A       100%        3
 Airstrike                Air            0%         2d(0-16)  100%        4
 Animate Armour           Summ/Erth      0%         N/A       100%        4
 Fulminant Prism          Conj/Hex       0%         3d5       100%        4
 Manifold Assault         Tloc           0%         N/A       100%        4
 Summon Lightning Spire   Summ/Air       0%         N/A       100%        4
 Arcjolt                  Conj/Air       0%         1d10      100%        5
 Freezing Cloud           Conj/Ice/Air   0%         6-21      100%        5
 Summon Forest            Summ/Tloc      0%         N/A       100%        5
 Conjure Ball Lightning   Conj/Air       0%         3x3d6     100%        6
 Eringya's Noxious Bog    Tmut/Pois      0%         N/A       100%        6
 Summon Hydra             Summ           0%         N/A       100%        7
 Discord                  Hex            0%         N/A       100%        8
 Disjunction              Tloc           0%         N/A       100%        8
 Maxwell's Capacitive Co  Air            0%         ∞         100%        8
 Blade Hands              Tmut           Unusable   N/A       N/A         5
 Storm Form               Tmut/Air       Unusable   N/A       N/A         7

Dungeon Overview and Level Annotations

Branches:
Dungeon (13/15)            Temple (1/1) D:5            Lair (5/5) D:11
 Shoals (0/4) Lair:3        Snake (0/4) Lair:3        Slime (0/5) Lair:4
    Orc (1/2) D:9           Sewer (visited)           IceCv (visited)
 Vaults: D:13-14

Altars:
Ashenzari
Cheibriados
Dithmenos
Fedhas
Gozag
Hepliaklqana
Kikubaaqudgha
Makhleb
Nemelex Xobeh
Okawaru
Qazlal
Ru
Sif Muna
Trog
Uskayaw
Vehumet
Wu Jian
Xom
Yredelemnul
Jiyva

Shops:
D:8 !   D:10 ?

Annotations:
D:9 exclusion: ice statue
Temple 2 transporters


Innate Abilities, Weirdness & Mutations

You are immune to poison.
You have sharp fingernails.
Your flesh is cold resistant. (rC+)
You are immune to negative energy. (rN+++)
You do not regenerate when monsters are visible.
You are immune to unholy pain and torment.
You thrive by killing the living.


Message History

The bone dragon is severely damaged.
You slash something! You burn something. Something hits you.
You feel your power leaking away. The bone dragon bites you!!
* * * LOW HITPOINT WARNING * * *
You block the bone dragon's attack.
GONNNNG!
You block the bone dragon's attack.
PANG!
You hear a hideous shriek! x3
You hit the bone dragon but do no damage.
The bone dragon is severely damaged.
You hit something. You burn something. Something hits you!!
* * * LOW HITPOINT WARNING * * *
You block the bone dragon's attack.
GONNNNG!
The bone dragon claws you but does no damage.
You block the bone dragon's attack.
PANG!
You hear a hideous shriek!
You hear a shout!
You hit the bone dragon but do no damage.
The bone dragon is severely damaged.
You hit something but do no damage. Something hits you.
* * * LOW HITPOINT WARNING * * *
You block the bone dragon's attack.
BONNNG!
You block the bone dragon's attack.
SHROANNG!
You block the bone dragon's attack.
PANG!
You hear a chilling moan.
You hear a hideous shriek! x2
You hit the bone dragon but do no damage.
The bone dragon is severely damaged.
You slice something!! You burn something. You barely miss the bone dragon.
The bone dragon is severely damaged.
You barely miss something. Something hits you but does no damage.
You block the bone dragon's attack.
GONNNNG!
You block the bone dragon's attack.
BOUMMMMG!
The bone dragon tramples you!
You die...

. ...... ... ...
..§................
.
................##
.... ..
...........## . .
................ .
.... . . ........#
.. #.. .. #......#
. #......##..{...#
.. .. ..
..*...D@..# . ...
............# . ..
..............#
.................#
.... .............#
.. .............# #
.....##......#
#...... #.......


You could see a bone dragon and a lurking horror.

Vanquished Creatures
  A green death (Abyss:1)
  A quicksilver dragon zombie (Abyss:1)
  An ice dragon (IceCv)
  8 hydras
  3 catoblepae
  3 death yaks (Lair:5)
  A boulder beetle (D:11)
  2 two-headed ogres
  3 skysharks
  A swamp dragon (Lair:4)
  Pikel (D:5)
  A lindwurm (Lair:5)
  2 deep elf pyromancers (D:12)
  An ugly thing (D:12)
  4 cyclopes
  4 manticores
  2 centaur zombies (D:10)
  9 black mambas
  16 elephants
  2 ice statues (IceCv)
  2 torpor snails (Lair:5)
  A gargoyle (D:12)
  13 cane toads
  8 rime drakes
  3 kobold demonologists (D:9)
  A cane toad (shapeshifter) (D:12)
  12 komodo dragons
  2 polar bears
  4 trolls
  A hornet (D:9)
  8 dream sheep
  15 blink frogs
  A ynoxinul (D:10)
  6 wyverns
  A shadow (D:9)
  33 yaks
  6 basilisks
  A steam dragon (D:9)
  5 vampire mosquitoes
  3 nagas (Lair:3)
  2 small abominations (Abyss:1)
  5 swamp worms (Lair:4)
  2 wargs
  An acid dragon (D:12)
  Duvessa (D:7)
  31 water moccasins
  7 orc warriors
  4 ice beasts
  2 sky beasts
  2 ogres
  5 black bears
  11 wolves
  10 centaurs
  2 lemures (D:5)
  2 kobold brigands (D:9)
  10 bullfrogs
  4 scorpions
  A cane toad simulacrum (Lair:1)
  Dowan (D:7)
  A lindwurm simulacrum (IceCv)
  11 killer bees (D:8)
  2 howler monkeys
  A quasit (Abyss:1)
  8 komodo dragon simulacra (IceCv)
  A jelly (D:8)
  7 orc priests
  6 hounds
  3 gnoll boudas
  An iron imp (Abyss:1)
  A sleepcap (D:7)
  11 orc wizards
  5 hell rats (Lair:5)
  A wolf simulacrum (Lair:1)
  Robin (D:2)
  17 adders
  7 acid dragon simulacra (IceCv)
  12 gnolls
  9 river rats
  A shadow imp (D:8)
  3 white imps
  5 ufetubi
  5 steam dragon simulacra (IceCv)
  4 worms
  3 dart slugs
  50 orcs
  6 endoplasms
  6 giant cockroaches
  16 goblins
  12 hobgoblins
  13 jackals
  19 kobolds
  10 quokkas
  10 ball pythons
  16 bats
  7 frilled lizards
  7 rats
593 creatures vanquished.

Vanquished Creatures (collateral kills)
  Snorg (Lair:4)
  3 swamp dragons (Lair:4)
  A swamp worm (Lair:4)
  A water moccasin (Lair:4)
6 creatures vanquished.

Vanquished Creatures (others)
  An orc wizard (D:7)
1 creature vanquished.

Grand Total: 600 creatures vanquished

Notes
Turn   | Place    | Note
-------+----------+-------------------------------------------
     0 | D:1      | MacCMillion the Ghoul Fighter began the quest for the Orb.
     0 | D:1      | Reached XP level 1. HP: 19/19 MP: 0/0
    34 | D:1      | Reached skill level 2 in Axes
    75 | D:1      | Reached XP level 2. HP: 26/26 MP: 1/1
   418 | D:1      | Reached XP level 3. HP: 31/31 MP: 2/2
  1057 | D:2      | Reached XP level 4. HP: 37/38 MP: 3/3
  1102 | D:2      | Noticed Robin
  1147 | D:2      | Reached skill level 3 in Axes
  1497 | D:2      | Killed Robin
  2222 | D:3      | Reached XP level 5. HP: 45/45 MP: 4/4
  2458 | D:3      | Reached skill level 4 in Axes
  2462 | D:3      | Found a glowing drain.
  2468 | Sewer    | Entered a sewer
  2924 | Sewer    | Reached XP level 6. HP: 47/51 MP: 5/5
  3102 | Sewer    | Reached skill level 5 in Axes
  4188 | D:4      | Reached skill level 6 in Axes
  4188 | D:4      | Reached XP level 7. HP: 18/57 MP: 6/6
  4613 | D:5      | Entered Level 5 of the Dungeon
  4613 | D:5      | Found a staircase to the Ecumenical Temple.
  4638 | Temple   | Entered the Ecumenical Temple
  4638 | Temple   | Found a transporter.
  4638 | Temple   | Found a transporter.
  4643 | Temple   | Found a transporter.
  4643 | Temple   | Found a transporter.
  4668 | Temple   | Became a worshipper of Makhleb the Destroyer
  4740 | D:5      | Reached skill level 7 in Axes
  4740 | D:5      | Reached skill level 1 in Invocations
  4907 | D:5      | Noticed Pikel
  4998 | D:5      | Killed Pikel
  4999 | D:5      | Reached skill level 8 in Axes
  4999 | D:5      | Reached XP level 8. HP: 47/63 MP: 7/9
  5171 | D:5      | Found a hazy altar of Hepliaklqana.
  5376 | D:6      | Found a shadowy altar of Dithmenos.
  5565 | D:6      | Reached skill level 9 in Axes
  5642 | D:6      | Reached XP level 9. HP: 70/70 MP: 10/10
  5677 | D:6      | Reached * piety under Makhleb
  5917 | D:6      | Reached skill level 10 in Axes
  6072 | D:6      | Found a radiant altar of Vehumet.
  6487 | D:7      | Noticed Dowan
  6499 | D:7      | Noticed Duvessa
  6594 | D:8      | HP: 2/71 [killer bee (4)]
  7004 | D:7      | Killed Duvessa
  7123 | D:7      | Killed Dowan
  7124 | D:7      | Reached skill level 5 in Fighting
  7205 | D:7      | Reached skill level 5 in Invocations
  7205 | D:7      | Reached XP level 10. HP: 81/81 MP: 12/12
  7294 | D:7      | Found a sparkling altar of Nemelex Xobeh.
  7294 | D:7      | Found an opulent altar of Gozag.
  7427 | D:7      | Reached ** piety under Makhleb
  7659 | D:7      | Reached skill level 5 in Armour
  8424 | D:8      | Reached skill level 11 in Axes
  8600 | D:8      | Found a shimmering altar of Xom.
  8666 | D:8      | Found Idocsawn's Distillery.
  8673 | D:8      | Bought a potion of haste for 150 gold pieces
  8673 | D:8      | Bought a potion of cancellation for 120 gold pieces
  9617 | D:9      | Identified the +8 flail of the Forging Ancients {heavy,
                  | MP+9}
  9657 | D:9      | Reached *** piety under Makhleb
  9997 | D:9      | Reached XP level 11. HP: 87/92 MP: 15/15
 10022 | D:9      | Found a staircase to the Orcish Mines.
 10024 | D:9      | You fall into a shaft and drop 2 floors!
 10031 | D:10     | Entered Level 10 of the Dungeon
 10047 | D:10     | Found Jonif's Magic Scroll Shoppe.
 10055 | D:10     | Identified a scroll of acquirement
 10057 | D:10     | Acquired the +2 broad axe "Urisuob" {flame, rElec Str+4
                  | Int+2}
 10184 | D:10     | Noticed a two-headed ogre
 10192 | D:10     | Killed a two-headed ogre
 10575 | D:9      | Noticed a soul eater
 10734 | D:10     | Noticed a sun demon
 11225 | D:10     | Found a bloodstained altar of Trog.
 11236 | D:10     | Found a shimmering blue altar of Sif Muna.
 11240 | D:10     | Got Sif Muna's Guidebook on the Boggart
 11249 | D:10     | Found a sacrificial altar of Ru.
 11419 | D:10     | Reached **** piety under Makhleb
 11425 | D:10     | Found a basalt altar of Yredelemnul.
 12345 | D:11     | Noticed a cyclops
 12356 | D:11     | Killed a cyclops
 12392 | D:11     | Noticed a boulder beetle
 12432 | D:11     | Reached skill level 12 in Axes
 12436 | D:11     | Killed a boulder beetle
 12452 | D:11     | Reached XP level 12. HP: 103/104 MP: 17/17
 12466 | D:11     | Noticed a two-headed ogre
 12476 | D:11     | Killed a two-headed ogre
 12732 | D:11     | Found a staircase to the Lair.
 12911 | D:11     | Identified the +5 flail "Plog" {heavy, Contam rElec rCorr
                  | Str+4}
 13768 | D:12     | Reached skill level 10 in Fighting
 13914 | D:12     | Reached skill level 10 in Invocations
 14178 | Lair:1   | Entered Level 1 of the Lair of Beasts
 14307 | Lair:1   | Reached ***** piety under Makhleb
 14363 | Lair:1   | Reached skill level 13 in Axes
 14382 | Lair:1   | Found a frozen archway.
 14398 | IceCv    | Entered an ice cave
 14754 | IceCv    | Reached XP level 13. HP: 90/113 MP: 19/19
 14875 | IceCv    | Noticed an ice dragon
 14896 | IceCv    | Killed an ice dragon
 15026 | IceCv    | Identified the ring "Nonimo" {rElec Dex+6 Stlth+}
 15165 | Lair:1   | Reached skill level 10 in Armour
 15850 | Lair:2   | Reached skill level 5 in Shields
 16057 | Lair:2   | Reached skill level 14 in Axes
 16298 | Lair:2   | Identified the ring "Qofoth" {Fly rElec MP+9 Stlth-}
 17020 | Lair:3   | Found a staircase to the Shoals.
 17136 | Lair:3   | Reached ****** piety under Makhleb
 17266 | Lair:3   | Reached XP level 14. HP: 100/121 MP: 20/20
 17346 | Lair:3   | Identified the +1 kite shield of Autumn {Harm}
 17491 | Lair:3   | Found a staircase to the Snake Pit.
 17758 | Lair:3   | Reached skill level 15 in Axes
 17810 | Lair:3   | Found the +8 whip "Snakebite" {venom, curare, rPois}
 18918 | Lair:4   | Found a staircase to the Slime Pits.
 18918 | Lair:4   | Found a viscous altar of Jiyva.
 18994 | Lair:4   | Noticed Snorg
 19016 | Lair:4   | Killed Snorg
 19715 | Lair:4   | Found the +18 shield of the Gong {Loud rN+ Will+ rCorr
                  | EV-5}
 19905 | Lair:5   | Entered Level 5 of the Lair of Beasts
 20948 | Lair:5   | Reached skill level 16 in Axes
 21226 | Lair:5   | Reached skill level 10 in Shields
 21706 | Lair:5   | Reached XP level 15. HP: 126/126 MP: 21/21
 22477 | Orc:1    | Entered Level 1 of the Orcish Mines
 22493 | Abyss:1  | Cast into level 1 of the Abyss (orc wizard)
 22506 | Abyss:1  | Noticed a bone dragon
 22585 | Abyss:1  | Found a corrupted altar of Lugonu.
 22598 | Abyss:1  | Fell from the grace of Makhleb
 22598 | Abyss:1  | Became a worshipper of Lugonu the Unformed
 22598 | Abyss:1  | Reached * piety under Lugonu
 22598 | Abyss:1  | Reached ** piety under Lugonu
 22605 | Abyss:1  | HP: 4/126 [something (18)]
 22606 | Abyss:1  | HP: 1/126 [something (3)]
 22608 | Abyss:1  | Mangled by a bone dragon

Illustrated notes

Levels and vault maps discovered:
D:1:      psy_arrival_conway, layout_loops_ring
D:2:      layout_loops_ring, serial_glass, glass_columns_c, glass_columns_c,
          uniq_robin
D:3:      layout_rooms, gup_sewer_entry_bubbles, eino_curves_01, st_stairs_3,
          chequers_serial_rivers_micro_d, serial_park_tiny_2
D:4:      layout_cave_pools
D:5:      layout_gridville, kennysheep_mini, minmay_temple_entry_tees,
          uniq_pikel
D:6:      minmay_inner_zag, layout_rooms, mainiacjoe_overflow_paths,
          mainiacjoe_overflow_surrounded_room
D:7:      minmay_the_grid_triangle_9x9_rhombus_full
          [minmay_the_grid_triangle_9x9_odd_lines,
          minmay_the_grid_triangle_9x9_intruding_spiral,
          minmay_the_grid_triangle_9x9_negative_grid,
          minmay_the_grid_triangle_9x9_swiss_cheese,
          minmay_the_grid_triangle_9x9_fully_insulated_deathbox,
          minmay_the_grid_triangle_9x9_minimal,
          minmay_the_grid_triangle_9x9_limited_checkers,
          minmay_the_grid_triangle_9x9_prize_special], layout_basic,
          grunt_temple_overflow_opulence, uniq_duvessa, uniq_menkaure
D:8:      nicolae_hitomezashi [nicolae_hito_row, nicolae_hito_row,
          nicolae_hito_row, nicolae_hito_row, nicolae_hito_row,
          nicolae_hito_row, nicolae_hito_row, nicolae_hito_row,
          nicolae_hito_row, nicolae_hito_row, nicolae_hito_row,
          nicolae_hito_row, nicolae_hito_row, nicolae_hito_row,
          nicolae_hito_row, nicolae_hito_row, nicolae_hito_row,
          nicolae_hito_row], layout_loops_corners, nicolae_tso_carved_into_rock,
          mainiacjoe_overflow_catwalk, serial_shops, shop
D:9:      lemuel_ice_statue, layout_basic, orc_david_3,
          kennysheep_generic_room_16
D:10:     layout_long_grid, nzn_overflow_gifts_of_might_and_magic,
          lemuel_zombie_altar_yredelemnul, nicolae_ru_sacrificial_ziggurat,
          serial_shops, shop_fountains
D:11:     layout_gridville, due_lair_maze_entry_diamond
D:12:     layout_roguey, lightli_fourway_metalbox
D:13:     layout_basic, lightli_vaults_fourway_checkpoint, enter_trove_3,
          uniq_azrael, uniq_lodul
Temple:   hellmonk_temple_divided_pantheon
Lair:1:   layout_regular_city, portal_ice_cave_entry_ice_simulacra,
          gauntlet_entry_generic
Lair:2:   layout_regular_city, beast_lair_carwin_7, grunt_megastairs_2
Lair:3:   minmay_guarded_unrand_snakebite, layout_layer_cave,
          shoals_dummy_entry, guppyfry_snake_entry_garden,
          chequers_serial_rivers_room_a, st_stairs_6, lemuel_fruit_tree,
          infiniplex_staircase_pool_2
Lair:4:   onia_ninara_swampy_vault, layout_gridlike, slime_entry_1,
          beast_lair_carwin_8, uniq_snorg
Lair:5:   hangedman_lair_in_review, layout_cave_pods
Orc:1:    layout_caves, serial_shops, nicolae_shop_back_alley_shop,
          nicolae_orc_flooded_monolith
Abyss:1:  base:
D:5

Skill      XL: |  1  2  3  4  5  6  7  8  9 10 11 12 13 14 15 |
---------------+----------------------------------------------+-----
Axes           | 2 3 4 6 8 9 10 11 12 13 14 16 | 16.6
Shields        | 3 4 7 10 11 | 11.0
Invocations    | 3 5 7 8 10 | 10.0
Armour         | 4 6 7 9 10 | 10.0
Fighting       | 5 7 9 10 | 10.0

Action                     |  1- 3 |  4- 6 |  7- 9 | 10-12 | 13-15 || total
---------------------------+-------+-------+-------+-------+-------++-------
  Melee: War axe           |   115 |   358 |   476 |   331 |       ||  1280
         Broad axe         |       |       |       |   400 |   781 ||  1181
  Throw: Dart              |       |       |     2 |     2 |       ||     4
 Invoke: Minor Destruction |       |       |       |    15 |       ||    15
         Greater Servant o |       |       |       |       |     2 ||     2
  Evoke: Wand              |       |       |       |       |     1 ||     1
    Use: Potion            |       |       |     1 |     2 |     1 ||     4
         Scroll            |       |       |       |    18 |       ||    18
 Armour: Scale mail        |    21 |       |       |       |       ||    21
         Chain mail        |    58 |   296 |   258 |   126 |       ||   738
         Plate armour      |       |       |       |   236 |   267 ||   503
  Dodge: Dodged            |    37 |   162 |   155 |   287 |   199 ||   840
  Block: Buckler           |    19 |    76 |   132 |   330 |       ||   557
         Reflection        |       |       |     1 |     7 |     7 ||    15
         Kite shield       |       |       |       |     6 |   771 ||   777
